 Dungeon Crawl Stone Soup version 0.30-a0-329-g85436e0a43 (webtiles) character file.

Game seed: 1773726820085918934

58 snek11 the Insei (level 4, -2/28 HPs)
             Began as an Octopode Transmuter on Oct 28, 2022.
             Slain by a gnoll
             ... wielding a +0 spear
              (5 damage)
             ... on level 2 of the Dungeon.
             The game lasted 00:09:01 (930 turns).

snek11 the Insei (Octopode Transmuter)               Turns: 930, Time: 00:09:01

Health: -2/28      AC:  1    Str: 11    XL:     4   Next: 2%
Magic:  7/7        EV: 13    Int: 15    God:
Gold:   34         SH:  0    Dex: 12    Spells: 6/7 levels left

rFire   + . .      SeeInvis .      - Unarmed
rCold   + . .      Faith    .    (no shield)
rNeg    . . .      Spirit   .    (helmet restricted)
rPois   +          Reflect  .    (no amulet)
rElec   +          Harm     .    (no ring)
rCorr   +          Rampage  .    (no ring)
Will    .....                    (no ring)
Stlth   +++.......               (no ring)
HPRegen 0.24/turn                (no ring)
MPRegen 0.10/turn                (no ring)
                                 (no ring)
                                 (no ring)

@: resistant
A: almost no armour, amphibious, 8 rings, camouflage 1, gelatinous body 1,
(nimble swimmer 1), tentacles
a: no special abilities


You were on level 2 of the Dungeon.
You visited 1 branch of the dungeon, and saw 2 of its levels.

You collected 34 gold pieces.

Inventory:

Missiles
 c - 24 stones
Scrolls
 d - 4 scrolls of identify
Potions
 a - 2 potions of lignification
 b - a potion of resistance


   Skills:
 + Level 1.0 Fighting
 * Level 2.5 Dodging
 + Level 1.2 Stealth
 + Level 4.0 Unarmed Combat
 + Level 2.2 Spellcasting
 + Level 2.2 Transmutations


You had 6 spell levels left.
You knew the following spells:

 Your Spells              Type           Power      Damage    Failure   Level
a - Beastly Appendage     Tmut           16%        N/A       9%          1

Your spell library contained the following spells:

 Spells                   Type           Power      Damage    Failure   Level
 Wereblood                Tmut           8%         N/A       13%         2
 Summon Small Mammal      Summ           4%         N/A       22%         1
 Spider Form              Tmut/Pois      4%         N/A       38%         3
 Call Canine Familiar     Summ           1%         N/A       54%         3
 Summon Guardian Golem    Hex/Summ       1%         N/A       54%         3
 Ice Form                 Ice/Tmut       4%         N/A       80%         4


Dungeon Overview and Level Annotations

Branches:
Dungeon (2/15)

Altars:

Shops:
D:2 *


Innate Abilities, Weirdness & Mutations

You cannot wear most types of armour.
You are amphibious.
You can wear up to eight rings at the same time.
Your skin changes colour to match your surroundings (Stealth+).
Your rubbery body absorbs attacks. (AC +1, EV +1)
((You are camouflaged when in or above water. (Stealth+)))
You have tentacles for arms and can constrict up to eight enemies at once.


Message History

You cannot move.
You cannot move.
It was a potion of resistance.
You feel protected. The gnoll barely misses you.
It was a potion of curing.
You feel better. The gnoll hits you but does no damage.
You cannot move.
The gnoll hits you but does no damage. The gnoll hits you but does no damage.
You cannot move.
You cannot move.
The gnoll hits you from afar with a +0 spear.
The gnoll hits you but does no damage. The gnoll hits you but does no damage.
The gnoll hits you but does no damage.
Your transformation is almost over.
The gnoll hits you but does no damage.
Okay, then.
As you read the scroll labelled FYCRAS ISED, it crumbles to dust.
You assume a fearsome visage.
The gnoll looks frightened! x2
It was a scroll of fear.
The gnoll hits you from afar with a +0 spear.
Cornered, the gnoll turns to fight!
As you read the scroll labelled YWEK BYKOFASM, it crumbles to dust.
It is a scroll of identify.
You don't have any unidentified items.
The gnoll hits you from afar with a +0 spear.
Okay, then.
The gnoll hits you from afar with a +0 spear.
* * * LOW HITPOINT WARNING * * *
The gnoll hits you but does no damage. x2
The gnoll hits you but does no damage. x2
The gnoll completely misses you. The gnoll hits you but does no damage.
You feel less wooden.
The gnoll hits you from afar with a +0 spear.
* * * LOW HITPOINT WARNING * * *
The gnoll completely misses you.
The gnoll hits you from afar with a +0 spear.
You die...

#....†.#...
#######..#....#.#
#........##....∩.
#.#####.###...#.#
#####.# #.#
##.#... #.....#
#.# #)....
#....)# #.#
##)#.. #.....#
#.# #.##. #..g@.#
#.# #.##. #.....#
#.# #.# . ###g###
... . #.######
#.# [
########......#
..#
.........####.#
######..# .#
#.......# #.
#.####..# ..


You could see 2 gnolls.

Vanquished Creatures
  Jessica (D:2)
  2 giant cockroaches
  5 goblins
  A hobgoblin (D:1)
  7 jackals
  4 kobolds
  A quokka (D:1)
  3 ball pythons
  A bat (D:1)
  4 frilled lizards
  3 rats
32 creatures vanquished.

Vanquished Creatures (others)
  4 toadstools (D:1)
4 creatures vanquished.

Grand Total: 36 creatures vanquished

Notes
Turn   | Place    | Note
-------+----------+-------------------------------------------
     0 | D:1      | snek11 the Octopode Transmuter began the quest for the Orb.
     0 | D:1      | Reached XP level 1. HP: 13/13 MP: 3/3
   149 | D:1      | Reached XP level 2. HP: 18/18 MP: 5/5
   584 | D:2      | Reached XP level 3. HP: 17/23 MP: 4/6
   719 | D:2      | Found Cupsymujew's Assorted Antiques.
   827 | D:2      | Noticed Jessica
   844 | D:2      | Killed Jessica
   845 | D:2      | Reached skill level 1 in Stealth
   845 | D:2      | Reached skill level 4 in Unarmed Combat
   845 | D:2      | Reached XP level 4. HP: 28/28 MP: 4/7
   930 | D:2      | Slain by a gnoll

Illustrated notes

Levels and vault maps discovered:
D:1:      ldierk_walled_garden_2, layout_basic
D:2:      layout_loops_ring, serial_shops, nicolae_shop_advertising_works
          [nicolae_subvault_shop_adworks], shop_fountains, nicolae_diamond_shop,
          uniq_jessica

Skill      XL: |  1  2  3 |
---------------+----------+-----
Stealth        | 1 |  1.2
Unarmed Combat | 4 |  4.0
Fighting       | |  1.0
Dodging        | |  2.5
Spellcasting   | |  2.2
Transmutations | |  2.2

Action                   |  1- 3 |  4- 6 || total
-------------------------+-------+-------++-------
Melee: Unarmed           |    62 |     1 ||    63
       Tentacles         |    13 |       ||    13
       Constrict         |    17 |       ||    17
       Kick              |     5 |       ||     5
 Cast: Beastly Appendage |    10 |     1 ||    11
  Use: Scroll            |       |     4 ||     4
       Potion            |       |     3 ||     3
 Stab: Distracted        |     1 |       ||     1
       Sleeping          |     2 |       ||     2
Armor: Skin              |     2 |    14 ||    16
Dodge: Dodged            |    28 |     7 ||    35

Table legend: (Time is in decaauts)
 A = Elapsed time spent in this place.
 B = Non-inter-level travel time spent in this place.
 C = Inter-level travel time spent in this place.
 D = Time resting spent in this place.
 E = Time spent auto-exploring this place.
 F = Levels seen in this place.
 G = Mean time per level.
                   A        B        C        D        E       F      G
               +--------+--------+--------+--------+--------+-----+--------+
         Total |    933 |    933 |      0 |     65 |    517 |   2 |  466.5 |
       Dungeon |    933 |    933 |      0 |     65 |    517 |   2 |  466.5 |
               +--------+--------+--------+--------+--------+-----+--------+

Top non-repeatable levels by time:
     D:1: 572 daAuts
     D:2: 360 daAuts
